 Dungeon Crawl Stone Soup version 0.31.0-11-ge490571c62 (webtiles) character file.

Game seed: 8420362245374803269

1313 dialectric the Basher (level 8, 0/70 HPs)
             Began as a Minotaur Fighter on Jan 28, 2024.
             Was an Initiate of Qazlal.
             Killed from afar by a steam dragon (16 damage)
             ... with a ball of steam
             ... on level 7 of the Dungeon.
             The game lasted 00:05:12 (4375 turns).

dialectric the Basher (Minotaur Fighter)            Turns: 4375, Time: 00:05:13

Health: 0/70       AC: 14    Str: 23    XL:     8   Next: 32%
Magic:  7/7        EV: 10    Int:  5    God:    Qazlal [......]
Gold:   290        SH:  0    Dex: 10    Spells: 7/7 levels left

rFire   . . .        a - +0 flail
rCold   . . .        (no shield)
rNeg    . . .        q - +0 chain mail
rPois   .            (helmet restricted)
rElec   .            E - +0 cloak
rCorr   .            i - +0 pair of gloves
SInv    .            z - +0 pair of boots
Will    .....        (no amulet) Stlth
                     (no ring)
HPRegen 0.31/turn    (no ring)
MPRegen 0.10/turn

%: no passive effects
@: no status effects
A: horns 2, retaliatory headbutt
a: Renounce Religion


You were on level 7 of the Dungeon.
You worshipped Qazlal.
Qazlal was noncommittal.
You visited 2 branches of the dungeon, and saw 8 of its levels.

You collected 290 gold pieces.

Inventory:

Hand Weapons
 a - a +0 flail (weapon)
Missiles
 u - 6 poisoned darts (quivered)
Armour
 b - a +0 scale mail
 c - a +0 buckler
 i - a +0 pair of gloves (worn)
 k - a +0 pair of boots
 q - a +0 chain mail (worn)
 z - a +0 pair of boots (worn)
 E - a +0 cloak (worn)
Jewellery
 e - an amulet of guardian spirit
 w - an amulet of reflection
Talismans
 l - a storm talisman
Scrolls
 f - a scroll of fear {unknown}
 g - 2 scrolls of revelation
 j - 2 scrolls of enchant weapon {unknown}
 m - 2 scrolls of teleportation {unknown}
 n - 3 scrolls of torment {unknown}
 r - a scroll of poison {unknown}
 s - a scroll of enchant armour {unknown}
 t - 3 scrolls of brand weapon {unknown}
 y - a scroll of identify {unknown}
 C - a scroll of vulnerability {unknown}
 D - a scroll of immolation {unknown}
Potions
 d - a potion of might
 h - a potion of haste {unknown}
 o - a potion of curing {unknown}
 p - 2 potions of enlightenment {unknown}
 v - a potion of heal wounds {unknown}
 x - a potion of degeneration {unknown}
 A - a potion of magic {unknown}
 B - a potion of attraction {unknown}


   Skills:
 + Level 5.9 Fighting
 + Level 8.1 Maces & Flails
 + Level 7.4 Armour
 - Level 4.1 Dodging
 - Level 3.6 Shields


You had 7 spell levels left.
You didn't know any spells.
Your spell library contained the following spells:

 Spells                   Type           Power      Damage    Failure   Level
 Apportation              Tloc           0%         N/A       95%         1
 Foxfire                  Conj/Fire      0%         2x1d4     95%         1
 Necrotise                Necr           0%         1d4       95%         1
 Sting                    Conj/Alch      0%         1d3       95%         1
 Summon Small Mammal      Summ           0%         N/A       95%         1
 Lesser Beckoning         Tloc           0%         N/A       99%         2
 Call Canine Familiar     Summ           0%         N/A       100%        3
 Gell's Gravitas          Tloc           0%         N/A       100%        3
 Sigil of Binding         Hex            0%         N/A       100%        3
 Teleport Other           Tloc           0%         N/A       100%        3
 Dimensional Bullseye     Hex/Tloc       0%         N/A       100%        4
 Plasma Beam              Fire/Air       0%         2x1d10    100%        6
 Starburst                Conj/Fire      0%         6d3       100%        6


Dungeon Overview and Level Annotations

Branches:
Dungeon (7/15)             Temple (1/1) D:5

Altars:
Dithmenos
Fedhas
Gozag
Hepliaklqana
Makhleb
Nemelex Xobeh
Qazlal
Ru
Uskayaw
Vehumet
Wu Jian
Yredelemnul
Zin


Innate Abilities, Weirdness & Mutations

You have a pair of horns on your head.
You reflexively headbutt those who attack you in melee.


Message History

The howler monkey hoots and howls with incredible vigour!
The steam dragon breathes steam at you. The ball of steam misses you.
You closely miss the howler monkey. Your headbutt misses the howler monkey.
The howler monkey is moderately wounded.
The howler monkey misses you.
Unknown command.
You barely miss the howler monkey.
The howler monkey is moderately wounded.
The howler monkey hits you but does no damage.
Unknown command.
The howler monkey hits you.
You see here a scroll labelled AMASIS ZIMIOHA.
You hit the steam dragon but do no damage.
The steam dragon barely misses you. You furiously retaliate!
You headbutt the steam dragon.
The steam dragon claws you but does no damage.
The howler monkey hoots and howls with incredible vigour!
Unknown command.
You closely miss the steam dragon.
The steam dragon is lightly wounded.
The howler monkey hits you.
* * * LOW HITPOINT WARNING * * *
The steam dragon bites you.
* * * LOW HITPOINT WARNING * * *
The steam dragon claws you.
* * * LOW HITPOINT WARNING * * *
The howler monkey hoots and howls with incredible vigour!
You sock the steam dragon!
The steam dragon is moderately wounded.
The steam dragon bites you but does no damage.
The steam dragon barely misses you.
The howler monkey is engulfed in a cloud of scalding steam.
The howler monkey hits you but does no damage.
Unknown command.
You thump the steam dragon!
The steam dragon is severely wounded.
The steam dragon breathes steam at you. The ball of steam hits you!
You die...

###############
#..............
#..............
#..............
#..............
#......h.......
#.....<@D......
#..............
#..............
.....###########
..... .... ...
...


You could see a steam dragon (catching breath) and a howler monkey (catching
breath).

Vanquished Creatures
  A water moccasin (D:6)
  An ice beast (D:6)
  A black bear (D:5)
  A centaur (D:5)
  A kobold brigand (D:3)
  4 scorpions
  A bullfrog zombie (D:4)
  2 jellies
  3 bombardier beetles
  An orc priest (D:4)
  3 sleepcaps
  Jessica (D:2)
  An iguana (D:6)
  2 orc wizards
  A hound zombie (D:4)
  Robin (D:3)
  6 adders
  5 gnolls
  A shadow imp (D:6)
  A ribbon worm (D:3)
  12 orcs
  5 ball pythons
  5 endoplasms
  3 giant cockroaches
  10 hobgoblins
  13 jackals
  4 kobolds
  A quokka (D:1)
  7 bats
  4 frilled lizards
  14 goblins
  6 rats
122 creatures vanquished.

Notes
Turn   | Place    | Note
-------+----------+-------------------------------------------
     0 | D:1      | dialectric the Minotaur Fighter began the quest for the
                  | Orb.
     0 | D:1      | Reached XP level 1. HP: 19/19 MP: 0/0
   193 | D:1      | Reached XP level 2. HP: 18/27 MP: 1/1
   239 | D:1      | Found a faded altar of an unknown god.
   433 | D:1      | Reached XP level 3. HP: 34/34 MP: 2/2
   543 | D:1      | Reached skill level 3 in Maces & Flails
  1045 | D:2      | Noticed Jessica
  1052 | D:2      | Killed Jessica
  1053 | D:2      | Reached XP level 4. HP: 41/41 MP: 3/3
  1586 | D:3      | Reached skill level 1 in Dodging
  1790 | D:3      | Reached skill level 4 in Maces & Flails
  1790 | D:3      | Reached XP level 5. HP: 45/47 MP: 4/4
  1797 | D:3      | Reached skill level 5 in Armour
  1923 | D:3      | Found a burning altar of Makhleb.
  2063 | D:3      | Reached XP level 6. HP: 28/55 MP: 5/5
  2227 | D:3      | Noticed Robin
  2234 | D:3      | Killed Robin
  2301 | D:3      | Reached skill level 5 in Fighting
  2301 | D:3      | Reached skill level 5 in Maces & Flails
  2775 | D:4      | Found a basalt altar of Yredelemnul.
  3139 | D:4      | Reached XP level 7. HP: 61/61 MP: 6/6
  3246 | D:5      | Entered Level 5 of the Dungeon
  3347 | D:5      | Found a sacrificial altar of Ru.
  3413 | D:5      | Reached skill level 6 in Maces & Flails
  3464 | D:5      | Found a staircase to the Ecumenical Temple.
  3483 | Temple   | Entered the Ecumenical Temple
  3619 | Temple   | Became a worshipper of Qazlal Stormbringer
  3891 | D:5      | Reached skill level 7 in Maces & Flails
  4137 | D:6      | Reached XP level 8. HP: 70/70 MP: 7/7
  4278 | D:6      | Reached skill level 8 in Maces & Flails
  4375 | D:7      | Killed from afar by a steam dragon

Illustrated notes

Levels and vault maps discovered:
D:1:      minmay_arrival_checkered_box, layout_basic,
          hellmonk_ecumenical_altar_crossroads
D:2:      layout_basic, minmay_gold_behind_fungi, uniq_jessica
D:3:      layout_basic, marbit_many_paths, grunt_decor_cap,
          hangedman_abyss_or_decor_stabs, uniq_robin
D:4:      layout_basic, lemuel_zombie_altar_yredelemnul
D:5:      layout_cave_pools, lemuel_coloured_pillars_altar, temple_hall,
          grunt_ministairs_4
D:6:      layout_rooms, xom_butterflies, nicolae_grassy_gnolls
D:7:      layout_gridville, lemuel_doored_altar, mainiacjoe_overflow_paths,
          kiku_gazebo_garden_becter, mainiacjoe_overflow_chevrons
Temple:   nicolae_temple_ecumenical_triangle

Skill      XL: |  1  2  3  4  5  6  7  8 |
---------------+-------------------------+-----
Armour         | 4 5 7 |  7.4
Fighting       | 4 5 |  5.9
Maces & Flails | 3 4 5 7 8 |  8.1
Dodging        | 1 2 3 4 |  4.1
Shields        | |  3.6

Action                     |  1- 3 |  4- 6 |  7- 9 || total
---------------------------+-------+-------+-------++-------
  Melee: Flail             |    80 |   136 |    90 ||   306
         Headbutt          |    11 |    24 |    21 ||    56
         Punch             |     1 |       |     2 ||     3
  Throw: Throwing net      |       |     1 |       ||     1
    Use: Potion            |       |     1 |       ||     1
         Scroll            |       |     1 |       ||     1
 Armour: Scale mail        |    67 |   107 |    55 ||   229
         Chain mail        |       |       |    35 ||    35
  Dodge: Dodged            |    60 |    82 |    35 ||   177
